 Dungeon Crawl Stone Soup version 0.23-a0-639-ga9a3373 (console) character file.

520 Duffy the Conjurer (level 7, 46/46 HPs)
             Began as a Demonspawn Fire Elementalist on Dec 29, 2018.
             Was a Believer of Vehumet.
             Quit the game on level 5 of the Dungeon.
             The game lasted 00:04:52 (5921 turns).

Duffy the Conjurer (Demonspawn Fire Elementalist)   Turns: 5921, Time: 00:04:53

Health: 46/46      AC:  3    Str:  9    XL:     7   Next: 1%
Magic:  12/12      EV: 12    Int: 18    God:    Vehumet [**....]
Gold:   199        SH:  0    Dex: 13    Spells: 9/13 levels left

rFire    + . .     SeeInvis +     - Unarmed
rCold    . . .     Gourm    .   (no shield)
rNeg     . . .     Faith    .   a - +0 robe
rPois    .         Spirit   +   m - +0 helmet
rElec    .         Reflect  .   (no cloak)
rCorr    .         Harm     .   (no gloves)
MR       .....                  (no boots)
Stlth    ++........             (no amulet)
HPRegen  0.15/turn              g - ring of see invisible
MPRegen  0.13/turn              i - ring of protection from fire

@: no status effects
A: claws 1, powered by death 1, magic shield
a: Renounce Religion


You were on level 5 of the Dungeon.
You worshipped Vehumet.
Vehumet was pleased with you.
You were not hungry.

You visited 1 branch of the dungeon, and saw 5 of its levels.

You collected 199 gold pieces.

Inventory:

Armour
 a - a +0 robe (worn)
 m - a +0 helmet (worn)
Jewellery
 g - a ring of see invisible (left claw)
 i - a ring of protection from fire (right claw)
Wands
 o - a wand of random effects (22)
 s - a wand of flame (9)
Scrolls
 b - 8 scrolls of identify {unknown}
 d - a scroll of blinking {unknown}
 f - a scroll of teleportation {unknown}
 q - 2 scrolls of remove curse {unknown}
Potions
 e - 2 potions of degeneration {unknown}
 h - 2 potions of haste {unknown}
 j - a potion of brilliance {unknown}
 k - a potion of lignification {unknown}
 l - a potion of magic {unknown}
 n - a potion of agility {unknown}
 p - a potion of berserk rage {unknown}
Comestibles
 c - 3 rations
 r - a chunk of flesh


   Skills:
 - Level 1.7 Dodging
 - Level 1.7 Stealth
 + Level 3.4 Unarmed Combat
 + Level 3.5 Spellcasting
 + Level 4.1 Conjurations
 + Level 3.9 Fire Magic


You had 9 spell levels left.
You knew the following spells:

 Your Spells              Type           Power        Failure   Level  Hunger
h - Flame Tongue          Conj/Fire      ###..        3%          1    None
l - Conjure Flame         Conj/Fire      ###.....     9%          3    ###....

Your spell library contained the following spells:

 Spells                   Type           Power        Failure   Level  Hunger
 Shock                    Conj/Air       ##..         7%          1    None
 Throw Flame              Conj/Fire      ###...       4%          2    ##.....
 Inner Flame              Hex/Fire       ##......     21%         3    ###....
 Sticky Flame             Conj/Fire      ###.....     28%         4    ####...
 Fireball                 Conj/Fire      ###.......   63%         5    ######.


Dungeon Overview and Level Annotations

Branches:
Dungeon (5/15)
 Temple: D:4-7

Altars:
Fedhas
Hepliaklqana
Uskayaw
Vehumet
Xom


Innate Abilities, Weirdness & Mutations

You have sharp fingernails.
You regenerate a little health from kills.
When hurt, damage is shared between your health and your magic reserves.


Message History

You feel sick.
You feel sick.
You feel sick.
You feel sick.
You feel sick.
You feel sick.
You feel sick.
You feel sick.
You feel sick.
You feel sick.
You feel sick.
You feel sick.
You feel sick.
You feel sick.
You are no longer poisoned.
You butcher the quokka corpse.
r - a chunk of flesh You see here a quokka skeleton. x2
s - a wand of flame (9) Are you sure you want to abandon this character and quit the game? (Confirm

.. .##. #.##.## . #.....#
.. . #.##..####... ..
#.#..........
...#######............
......................
.........##.##@##
...#..%.......# .#
...>...#.......# ...#
###.#..#..#.##.# #...# #
#.......##.# #...#
#.......##.# #...###.
#..##.#.###.####.......##
##................[..#...
........#..........#...


There were no monsters in sight!

Vanquished Creatures
  3 scorpions
  An orc wizard (D:4)
  2 orc priests (D:4)
  A hound (D:3)
  A gnoll shaman (D:4)
  Jessica (D:3)
  A worker ant (D:5)
  3 gnolls (D:4)
  6 adders
  A worm (D:2)
  2 dart slugs
  5 leopard geckos
  7 orcs
  7 bats
  A giant cockroach (D:3)
  12 goblins
  5 hobgoblins
  3 jackals (D:4)
  9 kobolds
  A quokka (D:5)
  9 frilled lizards
  7 rats
88 creatures vanquished.

Notes
Turn   | Place    | Note
-------+----------+-------------------------------------------
     0 | D:1      | Duffy the Demonspawn Fire Elementalist began the quest for
                  | the Orb.
     0 | D:1      | Reached XP level 1. HP: 13/13 MP: 3/3
   206 | D:2      | Reached skill level 2 in Conjurations
   206 | D:2      | Gained mutation: You have sharp fingernails. [demonic
                  | ancestry]
   206 | D:2      | Reached XP level 2. HP: 19/19 MP: 0/5
   530 | D:2      | Gained mutation: You regenerate a little health from kills.
                  | [demonic ancestry]
   530 | D:2      | Reached XP level 3. HP: 24/24 MP: 3/6
   537 | D:2      | Learned a level 3 spell: Conjure Flame
   587 | D:2      | Reached skill level 1 in Unarmed Combat
   753 | D:2      | Found a faded altar of an unknown god.
  1042 | D:2      | Found a blossoming altar of Fedhas.
  1046 | D:2      | Found a hide-covered altar of Uskayaw.
  1046 | D:2      | Found a radiant altar of Vehumet.
  1153 | D:2      | Became a worshipper of Vehumet
  2656 | D:3      | Reached XP level 4. HP: 13/30 MP: 2/7
  3102 | D:3      | Reached * piety under Vehumet
  3102 | D:3      | Offered knowledge of Shock by Vehumet.
  3154 | D:3      | Found a shimmering altar of Xom.
  3165 | D:3      | Reached skill level 3 in Conjurations
  3201 | D:3      | Noticed Jessica
  3203 | D:3      | Killed Jessica
  3344 | D:3      | Reached XP level 5. HP: 35/35 MP: 2/8
  4407 | D:4      | Reached XP level 6. HP: 38/41 MP: 2/10
  4945 | D:4      | HP: 2/41 [scorpion (4)]
  5378 | D:4      | Found a hazy altar of Hepliaklqana.
  5429 | D:5      | Entered Level 5 of the Dungeon
  5457 | D:5      | Reached skill level 4 in Conjurations
  5757 | D:5      | Reached ** piety under Vehumet
  5757 | D:5      | Gained mutation: When hurt, damage is shared between your
                  | health and your magic reserves. [demonic ancestry]
  5757 | D:5      | Reached XP level 7. HP: 36/46 MP: 7/12
  5921 | D:5      | Quit the game

Vault maps used:
D:1:      dpeg_arrival_water_temple_mockup, chequers_serial_rivers_room_b
D:2:      kennysheep_the_goblin_king, nicolae_overflow_hidden_temple,
          chequers_ecumenical_altar_grove, corexii_corridor_pit, minmay_3d_cube
D:3:      xom_butterflies, uniq_jessica
D:4:      lemuel_coloured_pillars_altar
D:5:      grunt_temple_overflow_open, temple_doors_cd, gammafunk_ghost_split,
          first_ration

Skill      XL: |  1  2  3  4  5  6 |
---------------+-------------------+-----
Conjurations   | 2 3 4 |  4.1
Unarmed Combat | 2 3 |  3.4
Fire Magic     | 3 |  3.9
Spellcasting   | 3 |  3.5
Dodging        | |  1.7
Stealth        | |  1.7

Action                   |  1- 3 |  4- 6 |  7- 9 || total
-------------------------+-------+-------+-------++-------
Melee: Unarmed           |    77 |   127 |       ||   204
       Punch             |       |     3 |       ||     3
 Cast: Flame Tongue      |    47 |    68 |     1 ||   116
 Stab: Sleeping          |     3 |     4 |       ||     7
  Eat: Chunk             |     6 |     7 |       ||    13
       Ration            |       |     1 |       ||     1
Armor: Robe              |    21 |    33 |       ||    54
Dodge: Dodged            |    56 |    97 |       ||   153

Table legend:
 A = Non-vault XP
 B = Vault XP
 C = Vault XP percentage of total XP
 D = Non-vault monster count
 E = Vault monster count
 F = Vault count percentage of total count
                 A         B        C        D         E       F
            +---------+---------+-------+---------+---------+-------
      Total |     687 |      56 |   7.5 |      76 |      12 |  13.6
            +---------+---------+-------+---------+---------+-------
        D:1 |      24 |       0 |   0.0 |      15 |       0 |   0.0
        D:2 |      44 |      19 |  30.2 |      10 |      11 |  52.4
        D:3 |     126 |      37 |  22.7 |      29 |       1 |   3.3
        D:4 |     303 |       0 |   0.0 |      17 |       0 |   0.0
        D:5 |     190 |       0 |   0.0 |       5 |       0 |   0.0
            +---------+---------+-------+---------+---------+-------
